 Dungeon Crawl Stone Soup version 0.22-a0-570-g58866f5 (webtiles) character file.

49 Hebeh the Skirmisher (level 3, 0/33 HPs)
             Began as a Minotaur Fighter on June 30, 2018.
             Slain by Sigmund
             ... wielding a +0 scythe
              (3 damage)
             ... on level 2 of the Dungeon.
             The game lasted 00:03:17 (1017 turns).

Hebeh the Skirmisher (Minotaur Fighter)             Turns: 1017, Time: 00:03:18

Health: 0/33       AC: 13    Str: 21    XL:     3   Next: 51%
Magic:  2/2        EV:  4    Int:  5    God:
Gold:   62         SH:  0    Dex:  9    Spells: 2/2 levels left

rFire    . . .     SeeInvis .   a - +0 war axe
rCold    . . .     Gourm    .   c - +0 shield
rNeg     . . .     Faith    .   g - +0 plate armour
rPois    .         Spirit   .   (helmet restricted)
rElec    .         Reflect  .   (no cloak)
rCorr    .         Harm     .   (no gloves)
MR       .....                  h - +0 pair of boots
Stlth    ..........             (no amulet)
HPRegen  0.11/turn              e - ring of loudness (curse)
MPRegen  0.08/turn              (no ring)

@: confused
A: retaliatory headbutt, horns 2
a: no special abilities


You were on level 2 of the Dungeon.
You were hungry.

You visited 1 branch of the dungeon, and saw 2 of its levels.

You collected 62 gold pieces.

Inventory:

Hand Weapons
 a - a +0 war axe (weapon)
Armour
 c - a +0 shield (worn)
 g - a +0 plate armour (worn)
 h - a +0 pair of boots (worn)
Jewellery
 e - a cursed ring of loudness (left hand)
Scrolls
 j - a scroll of identify {unknown}
Potions
 d - a potion of might
 i - a potion of agility {unknown}
Comestibles
 b - 4 chunks of flesh
 f - 7 rations


   Skills:
 + Level 4.1 Fighting
 * Level 3.5 Axes
 + Level 4.1 Armour
 + Level 4.0 Shields


You had 2 spell levels left.
You didn't know any spells.
Your spell library was empty.

Dungeon Overview and Level Annotations

Branches:
Dungeon (2/15)

Altars:

Annotations:
D:2 Sigmund


Innate Abilities, Weirdness & Mutations

You reflexively headbutt those who attack you in melee.
You have a pair of horns on your head.


Message History

Your shield and plate armour prevent you from hitting Sigmund.
You headbutt Sigmund.
Sigmund is lightly wounded.
You hit the rat.
You kill the rat!
Sigmund hits you with a scythe!
* * * LOW HITPOINT WARNING * * *
You barely miss Sigmund.
Sigmund is lightly wounded.
Sigmund casts a spell.
Sigmund flickers and vanishes!
Deactivating autopickup; reactivate with Ctrl-A.
You miss something. Something hits you.
* * * LOW HITPOINT WARNING * * *
You closely miss something. You headbutt something.
You hear some strange, mumbled words.
You are confused.
Unknown command.
Something hits you.
You die...

#.......#.
######?..#.....
#......#.......
######..............
####...................
#...............##.....
#.....#{#.......# .....
#######.#.......# .....
#@.#....>.........
#.##.......###
#..##.......#
....)........#
.....##.......# #...###
#... #...


There were no monsters in sight!

Vanquished Creatures
  A dart slug (D:1)
  3 leopard geckos
  4 bats
  A giant cockroach (D:1)
  7 goblins
  5 hobgoblins
  9 kobolds
  6 frilled lizards (D:1)
  2 rats
38 creatures vanquished.

Notes
Turn   | Place    | Note
-------+----------+-------------------------------------------
     0 | D:1      | Hebeh the Minotaur Fighter began the quest for the Orb.
     0 | D:1      | Reached XP level 1. HP: 19/19 MP: 0/0
   116 | D:1      | Reached XP level 2. HP: 27/27 MP: 1/1
   465 | D:1      | Reached XP level 3. HP: 29/33 MP: 2/2
   980 | D:2      | Noticed Sigmund
  1017 | D:2      | Slain by Sigmund

Vault maps used:
D:1:      tarquinn_simple_flora_water_e, minmay_lizard_king
D:2:      uniq_sigmund, uniq_crazy_yiuf_cottage

Skill      XL: |  1  2  3 |
---------------+----------+-----
Axes           | 3 |  3.5
Fighting       | 4 |  4.1
Armour         | 4 |  4.1
Shields        | 4 |  4.0

Action                   || total
-------------------------++-------
Melee: War axe           ||   109
       Headbutt          ||    15
  Use: Scroll            ||     2
Armor: Scale mail        ||    23
       Plate armour      ||    30
Dodge: Dodged            ||    26
Block: Shield            ||    68

Table legend:
 A = Spawn XP
 B = Non-spawn XP
 C = Spawn XP percentage of total XP
 D = Spawn monster count
 E = Non-spawn monster count
 F = Spawn count percentage of total count
 G = Total turns spent on level
                    A         B        C        D         E        F      G
               +---------+---------+-------+---------+---------+-------+---------
         Total |       0 |      70 |   0.0 |       0 |      38 |   0.0 |  1017
               +---------+---------+-------+---------+---------+-------+---------
           D:1 |       0 |      50 |   0.0 |       0 |      28 |   0.0 |   823
           D:2 |       0 |      20 |   0.0 |       0 |      10 |   0.0 |   194
               +---------+---------+-------+---------+---------+-------+---------
